 Dungeon Crawl Stone Soup version 0.30-a0-364-gf6b3ef1049 (webtiles) character file.

Game seed: 10448943425720624317

3902 oldriver the Thaumaturge (level 10, -1/77 HPs)
             Began as a Mummy Necromancer on Nov 14, 2022.
             Was an Initiate of Hepliaklqana.
             Slain by a wight
             ... wielding a +2 morningstar
              (12 damage)
             ... on level 7 of the Dungeon.
             The game lasted 00:14:43 (8387 turns).

oldriver the Thaumaturge (Mummy Necromancer)        Turns: 8387, Time: 00:14:44

Health: -1/77      AC:  5    Str: 12    XL:     10   Next: 0%
Magic:  25/25      EV: 12    Int: 19    God:    Hepliaklqana [......]
Gold:   312        SH:  0    Dex: 12    Spells: 24/32 levels left

rFire   . . .      SeeInvis .    e - +0 sling
rCold   + . .      Faith    +    (no shield)
rNeg    + + +      Spirit   .    s - +2 robe {rC+}
rPois   ∞          Reflect  .    h - +0 helmet "Hyckarei" {rElec rPois Stlth+}
rElec   +          Harm     .    (no cloak)
rCorr   .          Rampage  .    (no gloves)
Will    +....                    (no boots)
Stlth   +++.......               o - amulet of magic regeneration
HPRegen 0.32/turn                g - ring of fire
MPRegen 0.59/turn                (no ring)

@: about to teleport
A: cold resistance 1, negative energy resistance 3, torment resistance 2, heat
vulnerability 1, in touch with death 1, no potions, faith
a: Renounce Religion


You were on level 7 of the Dungeon.
You worshipped Hepliaklqana.
Hepliaklqana was noncommittal.
You visited 2 branches of the dungeon, and saw 9 of its levels.

You collected 419 gold pieces.
You spent 107 gold pieces at shops.

Inventory:

Hand Weapons
 e - a +0 sling (weapon)
Armour
 h - the +0 helmet "Hyckarei" (worn) {rElec rPois Stlth+}
   (You took it off Robin on level 2 of the Dungeon)

   rElec:     It insulates you from electricity.
   rPois:     It protects you from poison.
   Stlth:     It makes you more stealthy.
 s - a +2 robe of cold resistance (worn)
Jewellery
 g - a ring of fire (left hand)
 j - a ring of fire
 o - an amulet of magic regeneration (around neck)
Wands
 a - a wand of quicksilver (11)
Scrolls
 b - 4 scrolls of fear
 c - 4 scrolls of identify
 f - 3 scrolls of magic mapping
 i - 3 scrolls of vulnerability
 k - 2 scrolls of poison
 l - a scroll of amnesia
 m - a scroll of immolation
 n - a scroll of silence
 p - a scroll of blinking
 q - a scroll of noise
 r - a scroll of torment


   Skills:
 + Level 6.4 Fighting
 - Level 5.0 Ranged Weapons
 - Level 1.5 Dodging
 - Level 1.5 Stealth
 * Level 11.5 Spellcasting
 + Level 7.4 Necromancy


You had 24 spell levels left.
You knew the following spells:

 Your Spells              Type           Power      Damage    Failure   Level
a - Necrotise             Necr           100%       1d9       1%          1
b - Vampiric Draining     Necr           55%        2d9       1%          3
c - Animate Dead          Necr           55%        N/A       3%          4

Your spell library contained the following spells:

 Spells                   Type           Power      Damage    Failure   Level
 Agony                    Necr           55%        N/A       9%          5
 Summon Forest            Summ/Tloc      5%         N/A       87%         5
 Summon Mana Viper        Hex/Summ       10%        N/A       87%         5
 Summon Cactus Giant      Summ           5%         N/A       100%        6


Dungeon Overview and Level Annotations

Branches:
Dungeon (8/15)             Temple (1/1) D:7
   Lair: D:8-11

Altars:
Ashenzari
Cheibriados
Dithmenos
Fedhas
Gozag
Hepliaklqana
Makhleb
Nemelex Xobeh
Okawaru
Qazlal
Ru
Sif Muna
Trog
Uskayaw
Vehumet
Wu Jian
Xom
Yredelemnul

Shops:
D:1 [

Annotations:
D:4 2 runed translucent doors, lesbiats's ghost, amateur TrFi


Innate Abilities, Weirdness & Mutations

You are immune to poison.
Your flesh is cold resistant. (rC+)
You are immune to negative energy. (rN+++)
You are immune to unholy pain and torment.
You are vulnerable to heat. (rF-)
You are in touch with the powers of death.
You do not drink.
You have a special connection with the divine. (Faith)


Message History

You swap places.
Your orc wizard zombie hits the wight but does no damage.
The centaur shoots an arrow.
The arrow completely misses your orc wizard zombie.
The arrow hits you.
You hear a shout!
The wight barely misses something.
Your orc wizard zombie hits the wight but does no damage.
Something hits your orc priest zombie!
The kobold throws a stone.
The stone hits your orc wizard zombie.
Your reaping aura expires.
Your orc wizard zombie hits the wight but does no damage.
Your orc wizard zombie barely misses the centaur.
Things that are here:
a +0 dire flail; a +0 chain mail; a +0 dagger The wight hits your orc warrior zombie with a +4 spear!
The wight closely misses something.
There is a stone staircase leading up here.
The wight hits you with a +2 morningstar.
You climb upwards.
There is a stone staircase leading down here.
You shoot a sling bullet.
The sling bullet closely misses the wight.
The wight hits you with a +2 morningstar.
You shoot a sling bullet.
The sling bullet hits the wight but does no damage.
The wight hits you with a +2 morningstar!
You shoot a sling bullet.
The sling bullet completely misses the wight.
The wight barely misses you.
The wight hits you with a +2 morningstar!
* * * LOW HITPOINT WARNING * * *
The wight attacks as you move away!
The wight hits you with a +2 morningstar.
* * * LOW HITPOINT WARNING * * *
The wight attacks as you move away! The wight closely misses you.
As you read the scroll of teleportation, it crumbles to dust.
You feel strangely unstable.
The wight hits you with a +2 morningstar!
You die...

######..#.# #..#.#
####..#.#
###..[....###
............#
###.......#.######
###..............#
.##.......#.####.#
#.#.......#.# #@#
..).......#.# #z#
(.......###.####.#
#..#.##........#>#
#.##.######.##.#.#
..##.# ###.##.#.#
#.##.# #...##.#.#
...!.# #.##...#.#
#.#### #.##.###.#


You could see a wight.

Vanquished Creatures
  Pikel (D:7)
  Maggie (D:6)
  Sigmund (D:4)
  5 yaks (D:6)
  A steam dragon (D:7)
  Duvessa (D:5)
  2 water moccasins (D:7)
  An ice beast (D:5)
  2 sky beasts
  3 black bears
  An orc warrior (D:8)
  An ogre (D:5)
  A centaur (D:7)
  3 kobold brigands
  Blork the orc (D:4)
  2 bullfrogs (D:7)
  A necrophage (D:6)
  A scorpion (D:5)
  Dowan (D:5)
  A howler monkey (D:5)
  A hound (D:5)
  3 orc priests
  2 iguanas (D:5)
  Terence (D:2)
  2 orc wizards
  Robin (D:2)
  3 adders
  5 gnolls
  A white imp (D:7)
  3 ufetubi
  A worm (D:3)
  3 dart slugs
  7 orcs
  6 endoplasms
  2 giant cockroaches
  7 hobgoblins
  3 jackals (D:1)
  17 kobolds
  5 quokkas
  4 ball pythons
  9 bats
  4 frilled lizards
  14 goblins
  4 rats
139 creatures vanquished.

Vanquished Creatures (collateral kills)
  A bat (D:1)
  A hobgoblin (D:2)
  A jackal (D:1)
  A ball python (D:4)
  2 kobolds (D:7)
6 creatures vanquished.

Vanquished Creatures (others)
  3 yak zombies (D:6)
  A steam dragon zombie (D:7)
  4 kobold zombies (D:7)
  2 orc zombies
10 creatures vanquished.

Grand Total: 155 creatures vanquished

Notes
Turn   | Place    | Note
-------+----------+-------------------------------------------
     0 | D:1      | oldriver the Mummy Necromancer began the quest for the Orb.
     0 | D:1      | Reached XP level 1. HP: 13/13 MP: 4/4
    34 | D:1      | Reached skill level 3 in Spellcasting
   213 | D:1      | Reached XP level 2. HP: 20/20 MP: 1/6
   418 | D:1      | Reached skill level 1 in Fighting
   470 | D:1      | Found Kaforcheb's Antique Armour Emporium.
  1041 | D:2      | Gained mutation: You are in touch with the powers of death.
                  | [Mummy growth]
  1041 | D:2      | Reached XP level 3. HP: 26/26 MP: 5/8
  1127 | D:2      | Identified the +0 helmet "Hyckarei" {rElec rPois Stlth+}
  1127 | D:2      | Noticed Robin
  1141 | D:2      | Reached skill level 4 in Spellcasting
  1151 | D:2      | Killed Robin
  1497 | D:1      | Learned a level 3 spell: Vampiric Draining
  1664 | D:2      | Noticed Terence
  1670 | D:2      | Killed Terence
  1671 | D:2      | Reached skill level 1 in Ranged Weapons
  1671 | D:2      | Reached XP level 4. HP: 33/33 MP: 3/10
  2208 | D:2      | Learned a level 4 spell: Animate Dead
  2575 | D:3      | Reached skill level 5 in Spellcasting
  2656 | D:3      | Reached XP level 5. HP: 38/38 MP: 12/12
  2669 | D:3      | Found a radiant altar of Vehumet.
  3065 | D:4      | Found a runed translucent door.
  3098 | D:4      | Noticed lesbiats's ghost (amateur TrFi)
  3131 | D:4      | Found a runed translucent door.
  3313 | D:4      | Noticed a black bear
  3319 | D:4      | Killed a black bear
  3396 | D:4      | Noticed Sigmund
  3408 | D:4      | Killed Sigmund
  3409 | D:4      | Reached skill level 6 in Spellcasting
  3409 | D:4      | Reached XP level 6. HP: 42/47 MP: 6/15
  3626 | D:4      | Noticed Blork the orc
  3636 | D:4      | Killed Blork the orc
  3884 | D:5      | Entered Level 5 of the Dungeon
  3981 | D:5      | Reached XP level 7. HP: 48/52 MP: 5/16
  4199 | D:5      | Noticed Duvessa
  4204 | D:5      | Noticed Dowan
  4492 | D:5      | Reached skill level 7 in Spellcasting
  4492 | D:5      | Reached skill level 5 in Necromancy
  4920 | D:1      | Bought a runed robe for 107 gold pieces
  5216 | D:5      | Reached XP level 8. HP: 60/60 MP: 11/19
  5375 | D:6      | Noticed Maggie
  5462 | D:5      | Killed Duvessa
  5463 | D:5      | Reached skill level 8 in Spellcasting
  5467 | D:5      | Killed Dowan
  5587 | D:6      | You fall into a shaft and drop 1 floor!
  5634 | D:7      | Reached skill level 9 in Spellcasting
  5674 | D:7      | Noticed Pikel
  5691 | D:7      | Killed Pikel
  5692 | D:7      | Reached skill level 5 in Fighting
  5692 | D:7      | Reached XP level 9. HP: 62/68 MP: 9/22
  5823 | D:7      | Found a hide-covered altar of Uskayaw.
  5823 | D:7      | Found a basalt altar of Yredelemnul.
  6044 | D:7      | Found a staircase to the Ecumenical Temple.
  6061 | D:7      | Reached skill level 10 in Spellcasting
  6170 | Temple   | Entered the Ecumenical Temple
  6356 | Temple   | Became a worshipper of Hepliaklqana the Forgotten
  7701 | D:6      | Reached skill level 11 in Spellcasting
  7704 | D:6      | Reached skill level 5 in Ranged Weapons
  7833 | D:6      | Found a broken altar of Ashenzari.
  7833 | D:6      | Found an ornate altar of the Wu Jian Council.
  7869 | D:6      | Killed Maggie
  8354 | D:8      | Reached XP level 10. HP: 38/77 MP: 11/25
  8387 | D:7      | Slain by a wight

Illustrated notes

Levels and vault maps discovered:
D:1:      nicolae_arrival_washed_ashore, layout_rooms, serial_shops,
          nicolae_square_shop, minmay_fountain_box
D:2:      layout_basic, minmay_split_cup_small, uniq_terence, uniq_robin
D:3:      layout_basic, fiery_altar_vehumet
D:4:      layout_gridville, ebering_ghost_sewer_f, uniq_crazy_yiuf_cottage,
          uniq_sigmund, uniq_blork_the_orc
D:5:      layout_loops_ring, uniq_duvessa
D:6:      layout_loops_ring, chequers_temple_overflow_statue_of_worship,
          uniq_maggie
D:7:      layout_loops_ring, nicolae_overflow_two_pavilions, temple_doors_cd,
          uniq_pikel
D:8:      gammafunk_boulding_lane, layout_cave_pools, zin_angel,
          mainiacjoe_overflow_small_starburst, uniq_maurice
Temple:   nicolae_temple_bog_church

Skill      XL: |  1  2  3  4  5  6  7  8  9 |
---------------+----------------------------+-----
Spellcasting   | 3 4 5 6 7 9 11 | 11.5
Fighting       | 1 2 3 4 5 6 |  6.4
Ranged Weapons | 1 2 3 4 5 |  5.0
Necromancy     | 5 6 7 |  7.4
Dodging        | |  1.5
Stealth        | |  1.5

Action                   |  1- 3 |  4- 6 |  7- 9 | 10-12 || total
-------------------------+-------+-------+-------+-------++-------
Melee: Unarmed           |     8 |       |       |       ||     8
 Fire: Sling             |    55 |   101 |   180 |     3 ||   339
 Cast: Necrotise         |    63 |    29 |    61 |     2 ||   155
       Vampiric Draining |       |     9 |    75 |     1 ||    85
       Animate Dead      |       |       |     7 |       ||     7
  Use: Scroll            |       |     8 |     4 |     1 ||    13
Armor: Robe              |    13 |    13 |    51 |     1 ||    78
Dodge: Dodged            |    45 |    51 |   166 |     5 ||   267

Table legend: (Time is in decaauts)
 A = Elapsed time spent in this place.
 B = Non-inter-level travel time spent in this place.
 C = Inter-level travel time spent in this place.
 D = Time resting spent in this place.
 E = Time spent auto-exploring this place.
 F = Levels seen in this place.
 G = Mean time per level.
                   A        B        C        D        E       F      G
               +--------+--------+--------+--------+--------+-----+--------+
         Total |   8498 |   7777 |    721 |   1062 |   5202 |   9 |  944.2 |
       Dungeon |   8284 |   7603 |    681 |   1062 |   5042 |   8 | 1035.5 |
        Temple |    214 |    174 |     40 |      0 |    160 |   1 |  214.0 |
               +--------+--------+--------+--------+--------+-----+--------+

Top non-repeatable levels by time:
     D:7: 1588 daAuts
     D:2: 1296 daAuts
     D:4: 1211 daAuts
     D:5: 1171 daAuts
     D:1: 1129 daAuts
     D:6: 1081 daAuts
     D:3: 735 daAuts
  Temple: 214 daAuts
     D:8: 69 daAuts
